Patriotes vs Ice Dragons

Created - 1 mars 2015 at 21:53

Goals
1 2 3 OT1 SO T
Patriotes 2 1 1 0 1 4
Ice Dragons 1 1 2 0 2 5
Shots
1 2 3 OT1 SO T
Patriotes 9 11 3 0 5 23
Ice Dragons 14 16 8 0 5 38

1st period

1. Patriotes , Andreas Nodl 32 (Brett Skinner, Marek Schwarz) at 7:29
2. Patriotes , Fedor Fedorov 29 (Andrew Gordon, Brett Skinner) at 9:17
3. Ice Dragons , Marc-Antoine Pouliot 10 (Mats Zuccarello, Shean Donovan) at 17:23

Penalties :
Andreas Nodl (Nyc) for Hooking (Minor) at 0:22, Tyler Myers (Nyc) for Interference (Minor) at 4:21

2nd period

4. Patriotes , Andreas Nodl 33 (Tomas Kurka) at 6:41 (SH)
5. Ice Dragons , Patrick O'Sullivan 14 (Jeff Tambellini, Alexander Radulov) at 7:34

Penalties :
Cory Emmerton (Nyc) for Hooking (Minor) at 0:05, Andreas Nodl (Nyc) for Hooking (Minor) at 0:46, Tyler Myers (Nyc) for Charging (Minor) at 5:33, Brett Skinner (Nyc) for Diving (Minor) at 9:12, Tyler Myers (Nyc) for Slashing (Minor) at 10:07, Lauri Tukonen (Nyc) for Roughing (Minor) at 15:38, Ryan White (Nyc) for Hooking (Minor) at 18:16

3rd period

6. Ice Dragons , Alexander Radulov 17 (Jeff Tambellini, Patrick O'Sullivan) at 1:53 (PP)
7. Ice Dragons , Mats Zuccarello 32 (Boris Valabik) at 2:30
8. Patriotes , Andrew Gordon 17 (Fedor Fedorov, A.J Thelen) at 8:40 (PP)

Penalties :
Zenon Konopka (Nyc) for Hooking (Minor) at 1:50, Kris Beech (Kin) for Holding (Minor) at 7:27, Brett Skinner (Nyc) for Holding Stick (Minor) at 12:09

Overtime #1

No Goal

Penalties :
No Penalty

Shootout

Penalty Shot by Tomas Kurka for Patriotes - Stopped by Justin Pogge
Penalty Shot by Nigel Dawes for Ice Dragons - Stopped by Marek Schwarz
Penalty Shot by Andreas Nodl for Patriotes - Shot Misses the Net
Penalty Shot by Jeff Tambellini for Ice Dragons - Shot Misses the Net
Penalty Shot by Andrew Gordon for Patriotes - Shot Hit the Post
Penalty Shot by Mats Zuccarello for Ice Dragons - Stopped by Marek Schwarz
Penalty Shot by Fedor Fedorov for Patriotes - Goal!
Penalty Shot by Alexander Radulov for Ice Dragons - Goal!
Penalty Shot by Cory Emmerton for Patriotes - Shot Misses the Net
Penalty Shot by Troy Brouwer for Ice Dragons - Goal!

Penalties :
No Penalty

Goalie Stats

Marek Schwarz (Nyc), 34 saves from 38 shots - (0,895), OTL, 8-13-4, 65:00 minutes
Justin Pogge (Kin), 19 saves from 23 shots - (0,826), W, 19-9-7, 65:00 minutes

Players Stats for Patriotes

Player Name              G  A  P  +/- PIM S  H  SB GA TA FO     MP     PP MP  PK MP  
------------------------------------------------------------------------------------
A.J Thelen               0  1  1   1  0   0  2  1  2  0  0/0    32:42   0:32  11:48 
Andreas Nodl             2  0  2   0  4   5  3  1  0  0  0/1    23:44   0:37   7:20 
Andrew Gordon            1  1  2   0  0   1  1  0  1  0  1/4    17:03   0:36   5:17 
Brett Skinner            0  2  2   1  4   0  3  5  0  2  0/0    28:17   0:32   8:36 
Cory Emmerton            0  0  0  -1  2   1  0  0  0  0  4/19   13:10   0:37   0:09 
Dwight King              0  0  0   0  0   1  2  0  1  0  0/0    10:54   0:00   0:00 
Fedor Fedorov            1  1  2   0  0   2  3  1  0  0  0/0    19:08   0:36   6:20 
Jared Staal              0  0  0   0  0   0  1  0  0  0  1/1     7:32   0:00   0:00 
Joakim Andersson         0  0  0   0  0   0  1  1  0  0  0/1     7:32   0:00   0:00 
Joe Charlebois           0  0  0   0  0   0  1  0  0  1  0/0    15:03   0:00   2:33 
Lauri Tukonen            0  0  0   0  2   0  0  1  0  1  0/0    11:26   0:00   0:00 
Liam Reddox              0  0  0   0  0   1  1  0  0  0  1/2     8:00   0:00   0:20 
Mathieu Brodeur          0  0  0   0  0   0  0  0  0  0  0/0     3:00   0:00   0:00 
Ryan White               0  0  0   0  2   2  2  0  0  1  1/3    13:41   0:00   2:15 
Ryan Wilson              0  0  0  -1  0   3  1  0  1  0  0/0    26:01   0:41   6:58 
Tomas Kurka              0  1  1   0  0   1  0  3  1  1  11/23  25:09   0:37  10:12 
Tyler Myers              0  0  0  -2  6   3  1  0  0  0  0/0    25:32   0:41   5:07 
Zenon Konopka            0  0  0   1  2   3  3  0  1  0  1/8    12:02   0:36   0:45 

Players Stats for Ice Dragons

Player Name              G  A  P  +/- PIM S  H  SB GA TA FO     MP     PP MP  PK MP  
------------------------------------------------------------------------------------
Alexander Radulov        1  1  2  -1  0   3  2  0  0  0  1/1    22:37   9:22   0:00 
Boris Valabik            0  1  1   0  0   2  1  0  0  1  0/0    29:42  11:12   0:00 
Bryan Bickell            0  0  0  -1  0   1  2  1  0  0  0/0     9:22   0:24   0:03 
Cal Clutterbuck          0  0  0   0  0   4  3  1  0  0  0/0    20:47   7:45   0:14 
Danny Syvret             0  0  0  -1  0   0  1  1  1  0  0/0    19:34   6:19   0:40 
Jeff Tambellini          0  2  2  -1  0   9  4  0  1  0  1/2    23:24   9:22   0:14 
John Mitchell            0  0  0  -1  0   0  1  0  1  0  1/1     9:21   0:24   0:03 
Jonathan Blum            0  0  0   2  0   1  0  1  1  2  0/0    20:40   6:19   0:00 
Kevin Klein              0  0  0   0  0   2  1  0  0  0  0/0    30:21  11:12   0:33 
Kris Beech               0  0  0   0  2   3  4  0  1  2  5/12   20:59   7:45   0:00 
Marc-Antoine Pouliot     1  0  1   2  0   3  1  0  0  0  5/7     9:12   0:00   0:00 
Mats Zuccarello          1  1  2   2  0   2  2  0  0  1  1/1    11:57   0:00   0:56 
Matt Walker              0  0  0   1  0   1  0  1  0  0  0/0    15:38   0:00   0:33 
Nigel Dawes              0  0  0   0  0   4  1  0  0  0  0/0    18:50   7:45   0:00 
Patrick O'Sullivan       1  1  2  -1  0   3  2  1  0  0  27/37  22:40   9:22   0:00 
Samuel Groulx            0  0  0   0  0   0  0  0  0  0  0/0     4:58   0:00   0:00 
Shean Donovan            0  1  1   2  0   0  0  0  1  1  1/1    10:47   0:24   0:56 
Troy Brouwer             0  0  0  -1  0   0  1  0  0  0  0/0     8:50   0:00   0:00 
Tyler Eckford            0  0  0  -2  0   0  0  0  0  0  0/0     9:07   0:00   0:40 

3 Stars

1 - Mats Zuccarello (Kin)
2 - Fedor Fedorov (Nyc)
3 - Andreas Nodl (Nyc)

Power Play

Patriotes - 1 on 1 Attempt(s) - 100,00%
Ice Dragons - 1 on 11 Attempt(s) - 9,09%

Penalty Kill

Patriotes - 10 on 11 Attempt(s) - 90,91% - Score 1 goal in Penalty Kill
Ice Dragons - 0 on 1 Attempt(s) - 0,00% - Score 0 goal in Penalty Kill

Team Stat

Patriotes - Hits : 25 - Faceoff Wins : 20 - Blocked Shots : 13 - Penalty Minutes : 22
Ice Dragons - Hits : 26 - Faceoff Wins : 42 - Blocked Shots : 6 - Penalty Minutes : 2

Official

Referees : Lee Chris and Hebert Ghislain
Linesman : Darren Gibbs and Jonny Murray

Game Notes

No Game Note

Finance

Level 1 -- Attendance: 1373 (68,65%) -- Ticket Income 48 055 $
Level 2 -- Attendance: 762 (76,20%) -- Ticket Income 11 430 $
Total Attendance: 2135 (71,17%)
Total Ticket Income: 59 485 $
Other Income: 2 974 $
Total Income: 62 459 $

Patriotes

5 vs 5 Forward 
   Center                   Left Wing                Right Wing               Time % Phy DF OF 
 1 Cory Emmerton            Tomas Kurka              Andreas Nodl             40     1   2  2  
 2 Zenon Konopka            Fedor Fedorov            Andrew Gordon            30     1   2  2  
 3 Ryan White               Dwight King              Lauri Tukonen            20     1   2  2  
 4 Joakim Andersson         Liam Reddox              Jared Staal              10     1   2  2  

5 vs 5 Defense 
   Defense                  Defense                                           Time % Phy DF OF 
 1 A.J Thelen               Brett Skinner                                     40     1   2  2  
 2 Tyler Myers              Ryan Wilson                                       30     1   2  2  
 3 Joe Charlebois           A.J Thelen                                        20     1   2  2  
 4 A.J Thelen               Brett Skinner                                     10     1   2  2  

PowerPlay Forward 
   Center                   Left Wing                Right Wing               Time % Phy DF OF 
 1 Cory Emmerton            Tomas Kurka              Andreas Nodl             60     1   2  2  
 2 Zenon Konopka            Fedor Fedorov            Andrew Gordon            40     1   2  2  

PowerPlay Defense
   Defense                  Defense                                           Time % Phy DF OF 
 1 A.J Thelen               Brett Skinner                                     60     1   2  2  
 2 Tyler Myers              Ryan Wilson                                       40     1   2  2  

Penalty Kill 4 Players Forward 
   Center                   Wing                     Time % Phy DF OF 
 1 Tomas Kurka              Andreas Nodl             60     1   2  2  
 2 Andrew Gordon            Fedor Fedorov            40     1   2  2  

Penalty Kill 4 Players Defense
   Defense                  Defense                  Time % Phy DF OF 
 1 A.J Thelen               Brett Skinner            60     1   2  2  
 2 Tyler Myers              Ryan Wilson              40     1   2  2  

Penalty Kill - 3 Players Forward 
   Forward                                           Time % Phy DF OF 
 1 Tomas Kurka                                       60     1   2  2  
 2 Andreas Nodl                                      40     1   2  2  

Penalty Kill - 3 Players Defense
   Defense                  Defense                  Time % Phy DF OF 
 1 A.J Thelen               Brett Skinner            60     1   2  2  
 2 Tyler Myers              Ryan Wilson              40     1   2  2  

4 vs 4 Forward 
   Center                   Wing                     Time % Phy DF OF 
 1 Tomas Kurka              Andreas Nodl             60     1   2  2  
 2 Andrew Gordon            Fedor Fedorov            40     1   2  2  

4 vs 4 Defense
   Defense                  Defense                  Time % Phy DF OF 
 1 A.J Thelen               Brett Skinner            60     1   2  2  
 2 Tyler Myers              Ryan Wilson              40     1   2  2  

Last Minutes Offensive
   Center                   Left Wing                Right Wing               Defense                  Defense                  
   Cory Emmerton            Tomas Kurka              Andreas Nodl             A.J Thelen               Brett Skinner            

Last Minutes Defensive
   Center                   Left Wing                Right Wing               Defense                  Defense                  
   Cory Emmerton            Tomas Kurka              Andreas Nodl             A.J Thelen               Brett Skinner            

Goaltenders
Starting : Marek Schwarz            
Backup : Joey MacDonald           

Extra Forwards
Normal : Lauri Tukonen, Dwight King, Ryan White - PP : Lauri Tukonen, Dwight King - PK : Ryan White
Extra Defensemen
Normal : Joe Charlebois, A.J Thelen, Tyler Myers - PP : Joe Charlebois - PK : A.J Thelen, Tyler Myers
Penalty Shots
Tomas Kurka, Andreas Nodl, Andrew Gordon, Fedor Fedorov, Cory Emmerton

Ice Dragons

5 vs 5 Forward 
   Center                   Left Wing                Right Wing               Time % Phy DF OF 
 1 Patrick O'Sullivan       Jeff Tambellini          Alexander Radulov        40     0   2  3  
 2 Kris Beech               Nigel Dawes              Cal Clutterbuck          30     0   2  3  
 3 Marc-Antoine Pouliot     Mats Zuccarello          Shean Donovan            20     0   2  3  
 4 John Mitchell            Troy Brouwer             Bryan Bickell            10     1   3  1  

5 vs 5 Defense 
   Defense                  Defense                                           Time % Phy DF OF 
 1 Boris Valabik            Kevin Klein                                       40     0   2  3  
 2 Jonathan Blum            Matt Walker                                       30     0   2  3  
 3 Danny Syvret             Tyler Eckford                                     20     0   3  2  
 4 Matt Walker              Samuel Groulx                                     10     1   3  1  

PowerPlay Forward 
   Center                   Left Wing                Right Wing               Time % Phy DF OF 
 1 Patrick O'Sullivan       Jeff Tambellini          Alexander Radulov        60     1   1  3  
 2 Kris Beech               Nigel Dawes              Cal Clutterbuck          40     1   1  3  

PowerPlay Defense
   Defense                  Defense                                           Time % Phy DF OF 
 1 Boris Valabik            Kevin Klein                                       60     0   2  3  
 2 Danny Syvret             Jonathan Blum                                     40     0   2  3  

Penalty Kill 4 Players Forward 
   Center                   Wing                     Time % Phy DF OF 
 1 Shean Donovan            Mats Zuccarello          60     1   4  0  
 2 Jeff Tambellini          Cal Clutterbuck          40     1   4  0  

Penalty Kill 4 Players Defense
   Defense                  Defense                  Time % Phy DF OF 
 1 Matt Walker              Kevin Klein              60     1   4  0  
 2 Danny Syvret             Tyler Eckford            40     1   4  0  

Penalty Kill - 3 Players Forward 
   Forward                                           Time % Phy DF OF 
 1 Shean Donovan                                     60     1   4  0  
 2 Cal Clutterbuck                                   40     1   4  0  

Penalty Kill - 3 Players Defense
   Defense                  Defense                  Time % Phy DF OF 
 1 Matt Walker              Kevin Klein              60     0   5  0  
 2 Danny Syvret             Tyler Eckford            40     0   5  0  

4 vs 4 Forward 
   Center                   Wing                     Time % Phy DF OF 
 1 Kris Beech               Mats Zuccarello          60     1   1  3  
 2 John Mitchell            Troy Brouwer             40     1   2  2  

4 vs 4 Defense
   Defense                  Defense                  Time % Phy DF OF 
 1 Boris Valabik            Kevin Klein              60     0   2  3  
 2 Danny Syvret             Jonathan Blum            40     0   3  2  

Last Minutes Offensive
   Center                   Left Wing                Right Wing               Defense                  Defense                  
   Patrick O'Sullivan       Jeff Tambellini          Alexander Radulov        Boris Valabik            Kevin Klein              

Last Minutes Defensive
   Center                   Left Wing                Right Wing               Defense                  Defense                  
   Kris Beech               Jeff Tambellini          Shean Donovan            Matt Walker              Kevin Klein              

Goaltenders
Starting : Justin Pogge             
Backup : Todd Ford                

Extra Forwards
Normal : Kris Beech, Cal Clutterbuck, Troy Brouwer - PP : Kris Beech, Cal Clutterbuck - PK : Mats Zuccarello
Extra Defensemen
Normal : Jonathan Blum, Tyler Eckford, Danny Syvret - PP : Jonathan Blum - PK : Jonathan Blum, Tyler Eckford
Penalty Shots
Nigel Dawes, Jeff Tambellini, Mats Zuccarello, Alexander Radulov, Troy Brouwer

% Time on Ice - Patriotes

Lines # - Real PCT - Wanted PCT - Time Play
Normal Forward
1 - 36% - 40% - 14:41
2 - 24% - 30% - 9:53
3 - 22% - 20% - 9:10
4 - 18% - 10% - 7:32
Normal Defense
1 - 40% - 40% - 16:29
2 - 43% - 30% - 17:41
3 - 17% - 20% - 6:56
4 - 0% - 10% - 0:10
PP Forward
1 - 51% - 60% - 0:37
2 - 49% - 40% - 0:36
PP Defense
1 - 44% - 60% - 0:32
2 - 56% - 40% - 0:41
PK Forward
1 - 64% - 60% - 9:43
2 - 36% - 40% - 5:26
PK Defense
1 - 56% - 60% - 8:31
2 - 44% - 40% - 6:38
PK3 Forward
1 - 69% - 60% - 1:38
2 - 31% - 40% - 0:44
PK3 Defense
1 - 77% - 60% - 1:49
2 - 23% - 40% - 0:33
44 Forward
1 - 83% - 60% - 4:09
2 - 17% - 40% - 0:51
44 Defense
1 - 60% - 60% - 3:00
2 - 40% - 40% - 2:00
Last Minute Offensive  - 0:00
Last Minute Defensive  - 0:00
Total
Forward - 65:00
Defense - 65:00

% Time on Ice - Ice Dragons

Lines # - Real PCT - Wanted PCT - Time Play
Normal Forward
1 - 33% - 40% - 13:44
2 - 27% - 30% - 11:05
3 - 22% - 20% - 9:12
4 - 18% - 10% - 7:15
Normal Defense
1 - 40% - 40% - 16:23
2 - 30% - 30% - 12:28
3 - 18% - 20% - 7:27
4 - 12% - 10% - 4:58
PP Forward
1 - 56% - 60% - 9:46
2 - 44% - 40% - 7:45
PP Defense
1 - 64% - 60% - 11:12
2 - 36% - 40% - 6:19
PK Forward
1 - 81% - 60% - 0:59
2 - 19% - 40% - 0:14
PK Defense
1 - 45% - 60% - 0:33
2 - 55% - 40% - 0:40
PK3 Forward
1 - 0% - 60%
2 - 0% - 40%
PK3 Defense
1 - 0% - 60%
2 - 0% - 40%
44 Forward
1 - 91% - 60% - 4:33
2 - 9% - 40% - 0:27
44 Defense
1 - 57% - 60% - 2:50
2 - 43% - 40% - 2:10
Last Minute Offensive  - 0:00
Last Minute Defensive  - 0:00
Total
Forward - 65:00
Defense - 65:00

Play by Play

1st period


0:01 of 1st period - Patrick O'Sullivan wins face-off versus Cory Emmerton in neutral zone.
0:03 of 1st period - Off-side.
0:04 of 1st period - Patrick O'Sullivan wins face-off versus Cory Emmerton in neutral zone.
0:07 of 1st period - Slapshot by Jeff Tambellini.
0:07 of 1st period - Stopped by Marek Schwarz without a rebound.
0:08 of 1st period - Patrick O'Sullivan wins face-off versus Cory Emmerton in Patriotes zone.
0:11 of 1st period - Backhand shot by Jeff Tambellini.
0:11 of 1st period - Shot Blocked by Brett Skinner.
0:22 of 1st period - Minor Penalty to Andreas Nodl for Hooking.
0:23 of 1st period - Tomas Kurka wins face-off versus Patrick O'Sullivan in Patriotes zone.
0:31 of 1st period - Snap shot by Jeff Tambellini.
0:31 of 1st period - Stopped by Marek Schwarz with a rebound.
0:33 of 1st period - Snap shot by Jeff Tambellini.
0:33 of 1st period - Deflect By Patrick O'Sullivan.
0:33 of 1st period - Deflect By A.J Thelen.
0:33 of 1st period - Shot Misses the Net.
0:33 of 1st period - Puck is out of play.
0:34 of 1st period - Tomas Kurka wins face-off versus Kris Beech in Patriotes zone.
1:41 of 1st period - Icing by Boris Valabik.
1:42 of 1st period - Tomas Kurka wins face-off versus Kris Beech in Ice Dragons zone.
1:51 of 1st period - Wrist shot by Jeff Tambellini.
1:51 of 1st period - Stopped by Marek Schwarz with a rebound.
1:53 of 1st period - Slapshot by Kevin Klein.
1:53 of 1st period - Stopped by Marek Schwarz without a rebound.
1:54 of 1st period - Andrew Gordon wins face-off versus Patrick O'Sullivan in Patriotes zone.
2:03 of 1st period - Snap shot by Patrick O'Sullivan.
2:03 of 1st period - Shot Blocked by Brett Skinner.
2:05 of 1st period - Wrist shot by Alexander Radulov.
2:05 of 1st period - Stopped by Marek Schwarz with a rebound.
2:07 of 1st period - Slapshot by Jeff Tambellini.
2:07 of 1st period - Shot Blocked by Tomas Kurka.
2:09 of 1st period - Slapshot by Danny Syvret.
2:09 of 1st period - Shot Blocked by Tomas Kurka.
2:22 of 1st period - Penalty to Andreas Nodl is over, Andreas Nodl is back on ice.
2:31 of 1st period - Wrist shot by Andreas Nodl.
2:31 of 1st period - Deflect By Andrew Gordon.
2:31 of 1st period - Shot Blocked by Cal Clutterbuck.
2:31 of 1st period - Puck is out of play.
2:32 of 1st period - Cory Emmerton wins face-off versus Patrick O'Sullivan in Ice Dragons zone.
3:06 of 1st period - Snap shot by Ryan White.
3:06 of 1st period - Stopped by Justin Pogge with a rebound.
3:34 of 1st period - Wrist shot by Nigel Dawes.
3:34 of 1st period - Shot Misses the Net.
3:36 of 1st period - Snap shot by Nigel Dawes.
3:36 of 1st period - Shot Blocked by A.J Thelen.
4:10 of 1st period - Slapshot by Kris Beech.
4:10 of 1st period - Stopped by Marek Schwarz without a rebound.
4:11 of 1st period - Patrick O'Sullivan wins face-off versus Zenon Konopka in Patriotes zone.
4:21 of 1st period - Minor Penalty to Tyler Myers for Interference.
4:22 of 1st period - Patrick O'Sullivan wins face-off versus Tomas Kurka in Patriotes zone.
6:21 of 1st period - Penalty to Tyler Myers is over, Tyler Myers is back on ice.
6:58 of 1st period - Snap shot by Ryan White.
6:58 of 1st period - Stopped by Justin Pogge with a rebound.
7:29 of 1st period - Backhand shot by Andreas Nodl.
7:29 of 1st period - Goal by Andreas Nodl - Patriotes : 1 - Ice Dragons : 0.
7:30 of 1st period - Patrick O'Sullivan wins face-off versus Cory Emmerton in neutral zone.
7:33 of 1st period - Andreas Nodl is hit by Alexander Radulov and loses puck.
7:44 of 1st period - Wrist shot by Jeff Tambellini.
7:44 of 1st period - Stopped by Marek Schwarz with a rebound.
7:47 of 1st period - Icing by Cory Emmerton.
7:48 of 1st period - Marc-Antoine Pouliot wins face-off versus Cory Emmerton in Patriotes zone.
8:00 of 1st period - Slapshot by Mats Zuccarello.
8:00 of 1st period - Shot Blocked by Andreas Nodl.
8:20 of 1st period - Slapshot by Tomas Kurka.
8:20 of 1st period - Shot Blocked by Jonathan Blum.
8:22 of 1st period - Wrist shot by Tyler Myers.
8:22 of 1st period - Stopped by Justin Pogge with a rebound.
8:24 of 1st period - Snap shot by Tomas Kurka.
8:24 of 1st period - Stopped by Justin Pogge with a rebound.
8:26 of 1st period - Slapshot by Ryan Wilson.
8:26 of 1st period - Deflect By Andreas Nodl.
8:26 of 1st period - Shot Hit the Post.
8:26 of 1st period - Puck is out of play.
8:27 of 1st period - Patrick O'Sullivan wins face-off versus Zenon Konopka in Ice Dragons zone.
8:32 of 1st period - Slapshot by Andrew Gordon.
8:32 of 1st period - Shot Blocked by Patrick O'Sullivan.
9:17 of 1st period - Snap shot by Fedor Fedorov.
9:17 of 1st period - Goal by Fedor Fedorov - Patriotes : 2 - Ice Dragons : 0.
9:18 of 1st period - Kris Beech wins face-off versus Cory Emmerton in neutral zone.
9:31 of 1st period - Cal Clutterbuck is hit by Andreas Nodl and loses puck.
10:34 of 1st period - Slapshot by Alexander Radulov.
10:34 of 1st period - Shot Blocked by Fedor Fedorov.
10:53 of 1st period - Kevin Klein is hit by A.J Thelen and loses puck.
11:35 of 1st period - Alexander Radulov is hit by Joe Charlebois and loses puck.
11:48 of 1st period - Brett Skinner is hit by Bryan Bickell and loses puck.
11:57 of 1st period - Troy Brouwer is hit by Zenon Konopka and loses puck.
12:08 of 1st period - Andreas Nodl is hit by Kris Beech.
12:12 of 1st period - Snap shot by Nigel Dawes.
12:12 of 1st period - Stopped by Marek Schwarz with a rebound.
13:45 of 1st period - Ryan Wilson is hit by Marc-Antoine Pouliot and loses puck.
14:04 of 1st period - Ryan White is hit by Alexander Radulov and loses puck.
14:23 of 1st period - Slapshot by Tyler Myers.
14:23 of 1st period - Deflect By Danny Syvret.
14:23 of 1st period - Stopped by Justin Pogge with a rebound.
14:57 of 1st period - Andrew Gordon is hit by Cal Clutterbuck and loses puck.
15:17 of 1st period - Danny Syvret is hit by A.J Thelen and loses puck.
15:51 of 1st period - Boris Valabik is hit by Ryan Wilson and loses puck.
16:00 of 1st period - Wrist shot by Dwight King.
16:00 of 1st period - Stopped by Justin Pogge with a rebound.
16:10 of 1st period - Snap shot by Bryan Bickell.
16:10 of 1st period - Stopped by Marek Schwarz without a rebound.
16:11 of 1st period - Patrick O'Sullivan wins face-off versus Joakim Andersson in Patriotes zone.
16:22 of 1st period - Snap shot by Jeff Tambellini.
16:22 of 1st period - Deflect By Patrick O'Sullivan.
16:22 of 1st period - Stopped by Marek Schwarz with a rebound.
16:32 of 1st period - Samuel Groulx is hit by Liam Reddox and loses puck.
16:49 of 1st period - Snap shot by Jeff Tambellini.
16:49 of 1st period - Stopped by Marek Schwarz without a rebound.
16:50 of 1st period - Cory Emmerton wins face-off versus Kris Beech in Patriotes zone.
16:50 of 1st period - Cory Emmerton is hit by Kris Beech.
17:12 of 1st period - Icing by Jonathan Blum.
17:13 of 1st period - Marc-Antoine Pouliot wins face-off versus Zenon Konopka in Ice Dragons zone.
17:13 of 1st period - Marc-Antoine Pouliot is hit by Fedor Fedorov.
17:23 of 1st period - Snap shot by Marc-Antoine Pouliot.
17:23 of 1st period - Goal by Marc-Antoine Pouliot - Patriotes : 2 - Ice Dragons : 1.
17:24 of 1st period - Patrick O'Sullivan wins face-off versus Cory Emmerton in neutral zone.
17:33 of 1st period - Snap shot by Jeff Tambellini.
17:33 of 1st period - Stopped by Marek Schwarz with a rebound.
17:56 of 1st period - Slapshot by Zenon Konopka.
17:56 of 1st period - Stopped by Justin Pogge without a rebound.
17:57 of 1st period - Cory Emmerton wins face-off versus Kris Beech in Ice Dragons zone.
17:58 of 1st period - Wrist shot by Andreas Nodl.
17:58 of 1st period - Shot Hit the Post.
18:30 of 1st period - Patrick O'Sullivan is hit by Fedor Fedorov and loses puck.
19:32 of 1st period - Snap shot by Kris Beech.
19:32 of 1st period - Stopped by Marek Schwarz with a rebound.
19:36 of 1st period - Wrist shot by Cal Clutterbuck.
19:36 of 1st period - Shot Blocked by Brett Skinner.
Goals for this period are 2 for Patriotes vs 1 for Ice Dragons.
Shots for this period are 9 for Patriotes vs 14 for Ice Dragons.

2nd period


0:01 of 2nd period - Patrick O'Sullivan wins face-off versus Cory Emmerton in neutral zone.
0:05 of 2nd period - Minor Penalty to Cory Emmerton for Hooking.
0:06 of 2nd period - Patrick O'Sullivan wins face-off versus Tomas Kurka in Patriotes zone.
0:31 of 2nd period - Wrist shot by Cal Clutterbuck.
0:31 of 2nd period - Stopped by Marek Schwarz without a rebound.
0:32 of 2nd period - Tomas Kurka wins face-off versus Kris Beech in Patriotes zone.
0:46 of 2nd period - Minor Penalty to Andreas Nodl for Hooking.
0:47 of 2nd period - Patrick O'Sullivan wins face-off versus Tomas Kurka in Patriotes zone.
0:54 of 2nd period - Wrist shot by Jeff Tambellini.
0:54 of 2nd period - Shot Blocked by Brett Skinner.
1:30 of 2nd period - Snap shot by Cal Clutterbuck.
1:30 of 2nd period - Shot Misses the Net.
1:40 of 2nd period - Danny Syvret is hit by Brett Skinner and loses puck.
2:05 of 2nd period - Penalty to Cory Emmerton is over, Cory Emmerton is back on ice.
2:46 of 2nd period - Penalty to Andreas Nodl is over, Andreas Nodl is back on ice.
3:05 of 2nd period - Wrist shot by Zenon Konopka.
3:05 of 2nd period - Stopped by Justin Pogge with a rebound.
3:13 of 2nd period - Snap shot by Andreas Nodl.
3:13 of 2nd period - Shot Misses the Net.
3:15 of 2nd period - Slapshot by Fedor Fedorov.
3:15 of 2nd period - Shot Misses the Net.
3:17 of 2nd period - Snap shot by Zenon Konopka.
3:17 of 2nd period - Shot Misses the Net.
3:19 of 2nd period - Snap shot by Fedor Fedorov.
3:19 of 2nd period - Shot Hit the Post.
3:21 of 2nd period - Slapshot by Ryan Wilson.
3:21 of 2nd period - Stopped by Justin Pogge with a rebound.
3:23 of 2nd period - Slapshot by Ryan Wilson.
3:23 of 2nd period - Deflect By Andreas Nodl.
3:23 of 2nd period - Stopped by Justin Pogge with a rebound.
3:25 of 2nd period - Backhand shot by Andreas Nodl.
3:25 of 2nd period - Shot Blocked by Matt Walker.
3:27 of 2nd period - Snap shot by Andreas Nodl.
3:27 of 2nd period - Shot Blocked by Bryan Bickell.
3:29 of 2nd period - Wrist shot by Andreas Nodl.
3:29 of 2nd period - Shot Misses the Net.
3:31 of 2nd period - Slapshot by Tyler Myers.
3:31 of 2nd period - Stopped by Justin Pogge without a rebound.
3:32 of 2nd period - Marc-Antoine Pouliot wins face-off versus Ryan White in Ice Dragons zone.
3:58 of 2nd period - Liam Reddox is hit by Kris Beech and loses puck.
4:59 of 2nd period - Off-side.
5:00 of 2nd period - John Mitchell wins face-off versus Liam Reddox in neutral zone.
5:09 of 2nd period - Snap shot by John Mitchell.
5:09 of 2nd period - Shot Misses the Net.
5:11 of 2nd period - Slapshot by Matt Walker.
5:11 of 2nd period - Deflect By Troy Brouwer.
5:11 of 2nd period - Shot Misses the Net.
5:11 of 2nd period - Puck is out of play.
5:12 of 2nd period - Patrick O'Sullivan wins face-off versus Cory Emmerton in Patriotes zone.
5:23 of 2nd period - Slapshot by Jeff Tambellini.
5:23 of 2nd period - Shot Misses the Net.
5:33 of 2nd period - Minor Penalty to Tyler Myers for Charging.
5:34 of 2nd period - Patrick O'Sullivan wins face-off versus Tomas Kurka in Patriotes zone.
5:39 of 2nd period - Snap shot by Jeff Tambellini.
5:39 of 2nd period - Stopped by Marek Schwarz with a rebound.
5:50 of 2nd period - Off-side.
5:51 of 2nd period - Tomas Kurka wins face-off versus Kris Beech in neutral zone.
5:54 of 2nd period - Wrist shot by Andreas Nodl.
5:54 of 2nd period - Shot Misses the Net.
6:31 of 2nd period - Off-side.
6:32 of 2nd period - Tomas Kurka wins face-off versus Patrick O'Sullivan in neutral zone.
6:37 of 2nd period - Wrist shot by Andreas Nodl.
6:37 of 2nd period - Stopped by Justin Pogge without a rebound.
6:38 of 2nd period - Tomas Kurka wins face-off versus Jeff Tambellini in Ice Dragons zone.
6:41 of 2nd period - Wrist shot by Andreas Nodl.
6:41 of 2nd period - Goal by Andreas Nodl - Patriotes : 3 - Ice Dragons : 1.
6:42 of 2nd period - Patrick O'Sullivan wins face-off versus Tomas Kurka in neutral zone.
7:07 of 2nd period - Brett Skinner is hit by Nigel Dawes and loses puck.
7:26 of 2nd period - Snap shot by Fedor Fedorov.
7:26 of 2nd period - Stopped by Justin Pogge without a rebound.
7:27 of 2nd period - Patrick O'Sullivan wins face-off versus Andrew Gordon in Ice Dragons zone.
7:33 of 2nd period - Penalty to Tyler Myers is over, Tyler Myers is back on ice.
7:34 of 2nd period - Snap shot by Patrick O'Sullivan.
7:34 of 2nd period - Goal by Patrick O'Sullivan - Patriotes : 3 - Ice Dragons : 2.
7:35 of 2nd period - Patrick O'Sullivan wins face-off versus Cory Emmerton in neutral zone.
7:46 of 2nd period - Snap shot by Boris Valabik.
7:46 of 2nd period - Shot Blocked by Brett Skinner.
7:50 of 2nd period - Snap shot by Jeff Tambellini.
7:50 of 2nd period - Stopped by Marek Schwarz with a rebound.
8:20 of 2nd period - Off-side.
8:21 of 2nd period - Marc-Antoine Pouliot wins face-off versus Ryan White in neutral zone.
8:24 of 2nd period - Slapshot by Ryan Wilson.
8:24 of 2nd period - Deflect By Shean Donovan.
8:24 of 2nd period - Stopped by Justin Pogge with a rebound.
8:34 of 2nd period - Wrist shot by Mats Zuccarello.
8:34 of 2nd period - Shot Misses the Net.
8:36 of 2nd period - Wrist shot by Marc-Antoine Pouliot.
8:36 of 2nd period - Stopped by Marek Schwarz with a rebound.
8:46 of 2nd period - Slapshot by Nigel Dawes.
8:46 of 2nd period - Stopped by Marek Schwarz with a rebound.
8:48 of 2nd period - Slapshot by Nigel Dawes.
8:48 of 2nd period - Shot Misses the Net.
8:50 of 2nd period - Snap shot by Cal Clutterbuck.
8:50 of 2nd period - Stopped by Marek Schwarz without a rebound.
8:51 of 2nd period - Kris Beech wins face-off versus Cory Emmerton in Patriotes zone.
8:56 of 2nd period - Wrist shot by Kris Beech.
8:56 of 2nd period - Shot Misses the Net.
8:58 of 2nd period - Slapshot by Matt Walker.
8:58 of 2nd period - Stopped by Marek Schwarz with a rebound.
9:00 of 2nd period - Wrist shot by Nigel Dawes.
9:00 of 2nd period - Stopped by Marek Schwarz with a rebound.
9:02 of 2nd period - Snap shot by Kris Beech.
9:02 of 2nd period - Stopped by Marek Schwarz with a rebound.
9:04 of 2nd period - Wrist shot by Nigel Dawes.
9:04 of 2nd period - Shot Blocked by Tomas Kurka.
9:12 of 2nd period - Minor Penalty to Brett Skinner for Diving.
9:13 of 2nd period - Tomas Kurka wins face-off versus Patrick O'Sullivan in Patriotes zone.
9:18 of 2nd period - Snap shot by Andreas Nodl.
9:18 of 2nd period - Stopped by Justin Pogge with a rebound.
9:24 of 2nd period - Slapshot by Kevin Klein.
9:24 of 2nd period - Stopped by Marek Schwarz with a rebound.
9:26 of 2nd period - Snap shot by Boris Valabik.
9:26 of 2nd period - Stopped by Marek Schwarz without a rebound.
9:27 of 2nd period - Patrick O'Sullivan wins face-off versus Tomas Kurka in Patriotes zone.
9:30 of 2nd period - Slapshot by Alexander Radulov.
9:30 of 2nd period - Stopped by Marek Schwarz with a rebound.
10:01 of 2nd period - Snap shot by Nigel Dawes.
10:01 of 2nd period - Shot Misses the Net.
10:07 of 2nd period - Minor Penalty to Tyler Myers for Slashing.
10:08 of 2nd period - Tomas Kurka wins face-off versus Patrick O'Sullivan in Patriotes zone.
10:14 of 2nd period - Icing by Jeff Tambellini.
10:15 of 2nd period - Tomas Kurka wins face-off versus Patrick O'Sullivan in Ice Dragons zone.
10:22 of 2nd period - Slapshot by Boris Valabik.
10:22 of 2nd period - Deflect By Tomas Kurka.
10:22 of 2nd period - Stopped by Marek Schwarz with a rebound.
10:24 of 2nd period - Wrist shot by Jeff Tambellini.
10:24 of 2nd period - Stopped by Marek Schwarz without a rebound.
10:25 of 2nd period - Alexander Radulov wins face-off versus Tomas Kurka in Patriotes zone.
10:42 of 2nd period - Joe Charlebois is hit by Jeff Tambellini and loses puck.
11:12 of 2nd period - Penalty to Brett Skinner is over, Brett Skinner is back on ice.
11:57 of 2nd period - Nigel Dawes is hit by Fedor Fedorov and loses puck.
12:07 of 2nd period - Penalty to Tyler Myers is over, Tyler Myers is back on ice.
12:56 of 2nd period - Slapshot by Ryan Wilson.
12:56 of 2nd period - Stopped by Justin Pogge without a rebound.
12:57 of 2nd period - Marc-Antoine Pouliot wins face-off versus Zenon Konopka in Ice Dragons zone.
13:41 of 2nd period - Danny Syvret is hit by Dwight King and loses puck.
13:56 of 2nd period - Slapshot by Cory Emmerton.
13:56 of 2nd period - Stopped by Justin Pogge with a rebound.
13:58 of 2nd period - Slapshot by Tomas Kurka.
13:58 of 2nd period - Shot Hit the Post.
14:00 of 2nd period - Wrist shot by Cory Emmerton.
14:00 of 2nd period - Shot Misses the Net.
14:58 of 2nd period - Wrist shot by Andrew Gordon.
14:58 of 2nd period - Shot Misses the Net.
15:00 of 2nd period - Backhand shot by Fedor Fedorov.
15:00 of 2nd period - Shot Misses the Net.
15:30 of 2nd period - Snap shot by Marc-Antoine Pouliot.
15:30 of 2nd period - Stopped by Marek Schwarz with a rebound.
15:32 of 2nd period - Slapshot by Shean Donovan.
15:32 of 2nd period - Shot Misses the Net.
15:38 of 2nd period - Minor Penalty to Lauri Tukonen for Roughing.
15:39 of 2nd period - Tomas Kurka wins face-off versus Patrick O'Sullivan in Patriotes zone.
15:39 of 2nd period - Tomas Kurka is hit by Jeff Tambellini.
16:23 of 2nd period - Kris Beech is hit by Andrew Gordon and loses puck.
17:15 of 2nd period - Cal Clutterbuck is hit by Ryan White and loses puck.
17:32 of 2nd period - Tyler Myers is hit by Jeff Tambellini and loses puck.
17:38 of 2nd period - Penalty to Lauri Tukonen is over, Lauri Tukonen is back on ice.
17:49 of 2nd period - Shean Donovan is hit by Tyler Myers.
18:16 of 2nd period - Minor Penalty to Ryan White for Hooking.
18:17 of 2nd period - Patrick O'Sullivan wins face-off versus Tomas Kurka in Patriotes zone.
19:05 of 2nd period - Icing by Alexander Radulov.
19:06 of 2nd period - Patrick O'Sullivan wins face-off versus Andrew Gordon in Ice Dragons zone.
19:24 of 2nd period - Boris Valabik is hit by Andreas Nodl and loses puck.
Goals for this period are 1 for Patriotes vs 1 for Ice Dragons.
Shots for this period are 11 for Patriotes vs 16 for Ice Dragons.

3rd period


0:01 of 3rd period - Patrick O'Sullivan wins face-off versus Tomas Kurka in neutral zone.
0:12 of 3rd period - Slapshot by Jeff Tambellini.
0:12 of 3rd period - Shot Misses the Net.
0:16 of 3rd period - Penalty to Ryan White is over, Ryan White is back on ice.
0:26 of 3rd period - Fedor Fedorov is hit by Boris Valabik and loses puck.
0:45 of 3rd period - Icing by Tyler Myers.
0:46 of 3rd period - Zenon Konopka wins face-off versus Marc-Antoine Pouliot in Patriotes zone.
0:46 of 3rd period - Zenon Konopka is hit by Mats Zuccarello.
1:37 of 3rd period - Wrist shot by Alexander Radulov.
1:37 of 3rd period - Shot Misses the Net.
1:50 of 3rd period - Minor Penalty to Zenon Konopka for Hooking.
1:51 of 3rd period - Patrick O'Sullivan wins face-off versus Tomas Kurka in Patriotes zone.
1:53 of 3rd period - Snap shot by Alexander Radulov.
1:53 of 3rd period - Goal by Alexander Radulov - Patriotes : 3 - Ice Dragons : 3.
1:54 of 3rd period - Patrick O'Sullivan wins face-off versus Cory Emmerton in neutral zone.
2:28 of 3rd period - Snap shot by Mats Zuccarello.
2:28 of 3rd period - Stopped by Marek Schwarz with a rebound.
2:30 of 3rd period - Snap shot by Mats Zuccarello.
2:30 of 3rd period - Goal by Mats Zuccarello - Patriotes : 3 - Ice Dragons : 4.
2:31 of 3rd period - Patrick O'Sullivan wins face-off versus Zenon Konopka in neutral zone.
3:15 of 3rd period - Snap shot by Liam Reddox.
3:15 of 3rd period - Stopped by Justin Pogge without a rebound.
3:16 of 3rd period - Liam Reddox wins face-off versus Patrick O'Sullivan in Ice Dragons zone.
3:17 of 3rd period - Slapshot by A.J Thelen.
3:17 of 3rd period - Shot Misses the Net.
3:45 of 3rd period - Off-side.
3:46 of 3rd period - Kris Beech wins face-off versus Cory Emmerton in neutral zone.
4:12 of 3rd period - Fedor Fedorov is hit by Jeff Tambellini and loses puck.
4:32 of 3rd period - Boris Valabik is hit by Ryan White and loses puck.
4:39 of 3rd period - Mats Zuccarello is hit by Dwight King and loses puck.
5:06 of 3rd period - Liam Reddox is hit by Troy Brouwer and loses puck.
6:35 of 3rd period - Troy Brouwer is hit by Jared Staal and loses puck.
7:27 of 3rd period - Minor Penalty to Kris Beech for Holding.
7:28 of 3rd period - Mats Zuccarello wins face-off versus Andreas Nodl in Ice Dragons zone.
8:18 of 3rd period - Icing by A.J Thelen.
8:19 of 3rd period - Shean Donovan wins face-off versus Cory Emmerton in Patriotes zone.
8:36 of 3rd period - Snap shot by Andrew Gordon.
8:36 of 3rd period - Shot Misses the Net.
8:38 of 3rd period - Wrist shot by Fedor Fedorov.
8:38 of 3rd period - Shot Misses the Net.
8:40 of 3rd period - Snap shot by Andrew Gordon.
8:40 of 3rd period - Goal by Andrew Gordon - Patriotes : 4 - Ice Dragons : 4.
8:41 of 3rd period - Patrick O'Sullivan wins face-off versus Cory Emmerton in neutral zone.
8:41 of 3rd period - Boris Valabik is hit by Andreas Nodl and loses puck.
9:06 of 3rd period - Kevin Klein is hit by Zenon Konopka and loses puck.
9:11 of 3rd period - Wrist shot by Zenon Konopka.
9:11 of 3rd period - Stopped by Justin Pogge without a rebound.
9:12 of 3rd period - Patrick O'Sullivan wins face-off versus Zenon Konopka in Ice Dragons zone.
9:17 of 3rd period - Snap shot by Alexander Radulov.
9:17 of 3rd period - Deflect By Patrick O'Sullivan.
9:17 of 3rd period - Stopped by Marek Schwarz with a rebound.
9:37 of 3rd period - Ryan Wilson is hit by Cal Clutterbuck and loses puck.
9:46 of 3rd period - Tyler Myers is hit by Kris Beech and loses puck.
10:25 of 3rd period - Wrist shot by Cory Emmerton.
10:25 of 3rd period - Shot Misses the Net.
10:44 of 3rd period - Dwight King is hit by Bryan Bickell and loses puck.
11:47 of 3rd period - Wrist shot by Mats Zuccarello.
11:47 of 3rd period - Deflect By Marc-Antoine Pouliot.
11:47 of 3rd period - Shot Misses the Net.
11:47 of 3rd period - Puck is out of play.
11:48 of 3rd period - Jared Staal wins face-off versus Kris Beech in Patriotes zone.
11:55 of 3rd period - Wrist shot by Cal Clutterbuck.
11:55 of 3rd period - Stopped by Marek Schwarz with a rebound.
11:57 of 3rd period - Slapshot by Jonathan Blum.
11:57 of 3rd period - Shot Blocked by Joakim Andersson.
11:59 of 3rd period - Slapshot by Jonathan Blum.
11:59 of 3rd period - Stopped by Marek Schwarz with a rebound.
12:01 of 3rd period - Slapshot by Cal Clutterbuck.
12:01 of 3rd period - Stopped by Marek Schwarz without a rebound.
12:02 of 3rd period - Cory Emmerton wins face-off versus Patrick O'Sullivan in Patriotes zone.
12:02 of 3rd period - Cory Emmerton is hit by Patrick O'Sullivan.
12:09 of 3rd period - Minor Penalty to Brett Skinner for Holding Stick.
12:10 of 3rd period - Jeff Tambellini wins face-off versus Tomas Kurka in Patriotes zone.
12:41 of 3rd period - Snap shot by Nigel Dawes.
12:41 of 3rd period - Stopped by Marek Schwarz without a rebound.
12:42 of 3rd period - Patrick O'Sullivan wins face-off versus Andrew Gordon in Patriotes zone.
14:04 of 3rd period - A.J Thelen is hit by Kevin Klein.
14:09 of 3rd period - Penalty to Brett Skinner is over, Brett Skinner is back on ice.
14:13 of 3rd period - Icing by Joe Charlebois.
14:14 of 3rd period - Ryan White wins face-off versus Marc-Antoine Pouliot in Patriotes zone.
14:52 of 3rd period - Jonathan Blum is hit by Joakim Andersson and loses puck.
15:45 of 3rd period - Samuel Groulx is hit by Brett Skinner and loses puck.
17:46 of 3rd period - Tyler Myers is hit by Danny Syvret and loses puck.
17:49 of 3rd period - Slapshot by Liam Reddox.
17:49 of 3rd period - Shot Misses the Net.
17:51 of 3rd period - Wrist shot by Liam Reddox.
17:51 of 3rd period - Shot Misses the Net.
18:04 of 3rd period - Off-side.
18:05 of 3rd period - Kris Beech wins face-off versus Zenon Konopka in neutral zone.
18:14 of 3rd period - Kris Beech is hit by Zenon Konopka and loses puck.
18:31 of 3rd period - A.J Thelen is hit by Mats Zuccarello and loses puck.
18:52 of 3rd period - Andreas Nodl is hit by Patrick O'Sullivan and loses puck.
Goals for this period are 1 for Patriotes vs 2 for Ice Dragons.
Shots for this period are 3 for Patriotes vs 8 for Ice Dragons.

Overtime #1


0:01 of 1st overtime period - Kris Beech wins face-off versus Tomas Kurka in neutral zone.
0:04 of 1st overtime period - Slapshot by Boris Valabik.
0:04 of 1st overtime period - Shot Misses the Net.
0:52 of 1st overtime period - Snap shot by Lauri Tukonen.
0:52 of 1st overtime period - Shot Blocked by Danny Syvret.
1:28 of 1st overtime period - A.J Thelen is hit by Cal Clutterbuck and loses puck.
3:04 of 1st overtime period - Backhand shot by Jeff Tambellini.
3:04 of 1st overtime period - Shot Blocked by Lauri Tukonen.
3:58 of 1st overtime period - Danny Syvret is hit by Brett Skinner and loses puck.
4:52 of 1st overtime period - Brett Skinner is hit by John Mitchell and loses puck.
Goals for this period are 0 for Patriotes vs 0 for Ice Dragons.
Shots for this period are 0 for Patriotes vs 0 for Ice Dragons.

ShootOut


5:00 of 1st overtime period - Penalty Shot by Tomas Kurka for Patriotes.
5:00 of 1st overtime period - Wrist shot by Tomas Kurka.
5:00 of 1st overtime period - Stopped by Justin Pogge.
5:00 of 1st overtime period - Penalty Shot by Nigel Dawes for Ice Dragons.
5:00 of 1st overtime period - Backhand shot by Nigel Dawes.
5:00 of 1st overtime period - Stopped by Marek Schwarz.
5:00 of 1st overtime period - Penalty Shot by Andreas Nodl for Patriotes.
5:00 of 1st overtime period - Snap shot by Andreas Nodl.
5:00 of 1st overtime period - Shot Misses the Net.
5:00 of 1st overtime period - Penalty Shot by Jeff Tambellini for Ice Dragons.
5:00 of 1st overtime period - Deke by Jeff Tambellini.
5:00 of 1st overtime period - Shot Misses the Net.
5:00 of 1st overtime period - Penalty Shot by Andrew Gordon for Patriotes.
5:00 of 1st overtime period - Snap shot by Andrew Gordon.
5:00 of 1st overtime period - Shot Hit the Post.
5:00 of 1st overtime period - Penalty Shot by Mats Zuccarello for Ice Dragons.
5:00 of 1st overtime period - Snap shot by Mats Zuccarello.
5:00 of 1st overtime period - Stopped by Marek Schwarz.
5:00 of 1st overtime period - Penalty Shot by Fedor Fedorov for Patriotes.
5:00 of 1st overtime period - Deke by Fedor Fedorov.
5:00 of 1st overtime period - Goal by Fedor Fedorov.
5:00 of 1st overtime period - Penalty Shot by Alexander Radulov for Ice Dragons.
5:00 of 1st overtime period - Backhand shot by Alexander Radulov.
5:00 of 1st overtime period - Goal by Alexander Radulov.
5:00 of 1st overtime period - Penalty Shot by Cory Emmerton for Patriotes.
5:00 of 1st overtime period - Snap shot by Cory Emmerton.
5:00 of 1st overtime period - Shot Misses the Net.
5:00 of 1st overtime period - Penalty Shot by Troy Brouwer for Ice Dragons.
5:00 of 1st overtime period - Backhand shot by Troy Brouwer.
5:00 of 1st overtime period - Goal by Troy Brouwer.


Output by the SimonT Hockey Simulator (STHS) for François Prévost -- Original Page W3C XHTML 1.0 Valid
Hockey Simulator - Hockey Simulation - Hockey Manager